Construct Section Command Post
Selects Indian Artillery Battlegroup
Selects Towed ML 4.2-inch Heavy Mortar
Towed ML 4.2-inch Heavy Mortar
Construct Field Infirmary
Construct Platoon Command Post
Selects Off-map Airburst Barrage
Towed ML 4.2-inch Heavy Mortar
Construct Company Command Post
Selects BL5.5 Artillery Emplacement
Selects Gurkha Rifles Section
Selects Volunteer Infantry
Unlock Towed 17-pounder Anti-tank Guns
17-pounder Anti-tank Gun Team
17-pounder Anti-tank Gun Team
17-pounder Anti-tank Gun Team
Towed ML 4.2-inch Heavy Mortar